 Dungeon Crawl Stone Soup version 0.25-a0-185-g6cfeca75b2 (webtiles) character file.

Game seed: 13421652259905573679, levelgen mode: deterministic

168 vurker the Gusty (level 5, -2/29 HPs)
             Began as a Tengu Air Elementalist on Nov 27, 2019.
             Slain by Sigmund
             ... wielding a +0 scythe
              (11 damage)
             ... on level 3 of the Dungeon.
             The game lasted 00:05:46 (3727 turns).

vurker the Gusty (Tengu Air Elementalist)           Turns: 3727, Time: 00:05:46

Health: -2/29      AC:  3    Str:  8    XL:     5   Next: 49%
Magic:  4/10       EV: 12    Int: 17    God:
Gold:   120        SH:  0    Dex: 14    Spells: 0/10 levels left

rFire    . . .     SeeInvis .   i - +2 dagger (vamp)
rCold    . . .     Gourm    .   (no shield)
rNeg     . . .     Faith    .   a - +0 robe
rPois    .         Spirit   .   (helmet restricted)
rElec    .         Reflect  .   l - scarf {repulsion}
rCorr    .         Harm     .   g - +0 pair of gloves {archery}
MR       .....                  (boots unavailable)
Stlth    +.........             (no amulet)
HPRegen  0.09/turn              (no ring)
MPRegen  0.12/turn              (no ring)

@: confused, repel missiles
A: beak, talons 3, able to fly
a: Fly


You were on level 3 of the Dungeon.
You were hungry.

You visited 1 branch of the dungeon, and saw 3 of its levels.

You collected 120 gold pieces.

Inventory:

Hand Weapons
 i - a +2 vampiric dagger (weapon)
   (You took it off a goblin on level 1 of the Dungeon)
Armour
 a - a +0 robe (worn)
 g - a +0 pair of gloves of archery (worn)
   (You found it on level 1 of the Dungeon)
 l - a scarf of repulsion (worn)
   (You found it on level 2 of the Dungeon)
Scrolls
 c - 2 scrolls of fear {unknown}
 d - 2 scrolls of enchant weapon {unknown}
 j - a scroll of identify
 o - a scroll of enchant armour {unknown}
Potions
 b - a potion of magic
 f - 2 potions of mutation
 h - a potion of might {unknown}
 m - 2 potions of curing {unknown}
 n - a potion of invisibility
Comestibles
 e - 7 rations


   Skills:
 + Level 1.5 Fighting
 - Level 2.1 Dodging
 - Level 2.0 Stealth
 * Level 3.2 Spellcasting
 * Level 3.7 Conjurations
 * Level 5.4 Air Magic


You couldn't memorise any spells.
You knew the following spells:

 Your Spells              Type           Power        Failure   Level  Hunger
a - Shock                 Conj/Air       ###.         2%          1    None
b - Lightning Bolt        Conj/Air       ###.......   58%         5    ######.
c - Airstrike             Air            ###.......   19%         4    ####...

Your spell library contained the following spells:

 Spells                   Type           Power        Failure   Level  Hunger
 Static Discharge         Conj/Air       ###.....     8%          3    ###....
 Swiftness                Chrm/Air       ##......     9%          2    ##.....


Dungeon Overview and Level Annotations

Branches:
Dungeon (3/15)

Altars:
Uskayaw

Annotations:
D:3 Sigmund


Innate Abilities, Weirdness & Mutations

You have a beak for a mouth.
You have claws for feet.
You can fly continuously.


Message History

Sigmund zaps a wand.
The puff of flame is repelled.
Sigmund gestures at you while chanting. The magic dart hits you.
* * * LOW HITPOINT WARNING * * *
There is a stone staircase leading up here.
You climb upwards.
Reactivating autopickup.
There is a stone staircase leading down here.
Eating a chunk of flesh.
You eat the chunk of flesh.
There is a stone staircase leading down here.
You see here a +0 club.
You start resting.
You are feeling hungry.
You start resting.
You climb downwards.
Level annotation: Sigmund
There is a stone staircase leading up here.
Sigmund shouts!
Sigmund is too close now for your liking.
Aim: Sigmund, wielding a +0 scythe, wearing a +0 robe and carrying a wand of flame (5)
The zap hits Sigmund.
Aim: Sigmund, wielding a +0 scythe, wearing a +0 robe and carrying a wand of flame (5) (lightly wounded)
The zap misses Sigmund.
Aim: Sigmund, wielding a +0 scythe, wearing a +0 robe and carrying a wand of flame (5) (lightly wounded)
The zap hits Sigmund.
Sigmund zaps a wand.
The puff of flame hits you!
Aim: Sigmund, wielding a +0 scythe, wearing a +0 robe and carrying a wand of flame (4) (lightly wounded)
The zap hits Sigmund.
Sigmund points at you and mumbles some strange words.
You resist with some effort.
Aim: Sigmund, wielding a +0 scythe, wearing a +0 robe and carrying a wand of flame (4) (moderately wounded)
The zap hits Sigmund.
Aim: Sigmund, wielding a +0 scythe, wearing a +0 robe and carrying a wand of flame (4) (heavily wounded)
The zap hits Sigmund.
Aim: Sigmund, wielding a +0 scythe, wearing a +0 robe and carrying a wand of flame (4) (severely wounded)
The zap hits Sigmund.
Sigmund casts a spell at you.
You are confused.
Okay, then.
Sigmund misses you.
You closely miss Sigmund. You barely miss Sigmund. Your kick misses Sigmund.
Sigmund points at you and mumbles some strange words.
You resist with some effort.
Sigmund hits you from afar with a +0 scythe!
* * * LOW HITPOINT WARNING * * *
Sigmund hits you from afar with a +0 scythe!
You die...

#....# ###...##.#####
#..#####......#.....##
#..#
##..............##
#..#
#................#
..##
#...............<#
...#
#................#
...#
#.........@......#
...#
#................#
...#
#..........@.....#
...#
##..............##
...# ##.....##.<...##
#### ##############


You could see Sigmund.

Vanquished Creatures
  Natasha (twice) (D:3)
  5 adders (D:2)
  An ooze (D:1)
  A dart slug (D:1)
  2 worms (D:2)
  A leopard gecko (D:1)
  A giant cockroach (D:1)
  9 goblins
  8 hobgoblins
  7 jackals
  A quokka (D:3)
  6 bats
  3 frilled lizards
  8 kobolds
  8 rats
63 creatures vanquished.

Notes
Turn   | Place    | Note
-------+----------+-------------------------------------------
     0 | D:1      | vurker the Tengu Air Elementalist began the quest for the
                  | Orb.
     0 | D:1      | Reached XP level 1. HP: 10/10 MP: 4/4
   279 | D:1      | Reached XP level 2. HP: 16/16 MP: 0/6
   799 | D:1      | Reached XP level 3. HP: 18/20 MP: 3/7
  1692 | D:2      | Reached skill level 1 in Fighting
  1817 | D:2      | Reached XP level 4. HP: 25/25 MP: 2/8
  2076 | D:2      | Reached skill level 5 in Air Magic
  2154 | D:2      | Found a hide-covered altar of Uskayaw.
  2895 | D:3      | Noticed Sigmund
  2916 | D:3      | Gained mutation: You can fly continuously. [Tengu growth]
  2916 | D:3      | Reached XP level 5. HP: 22/29 MP: 8/10
  3156 | D:2      | Learned a level 5 spell: Lightning Bolt
  3161 | D:2      | Learned a level 4 spell: Airstrike
  3197 | D:3      | Noticed Natasha
  3205 | D:3      | Killed Natasha
  3396 | D:3      | Noticed Natasha
  3400 | D:3      | Killed Natasha
  3727 | D:3      | Slain by Sigmund

Levels and vault maps discovered:
D:1:      minmay_arrival_split_and_join, layout_basic, st_stairs_3,
          minmay_close_crescents
D:2:      layout_rooms, eat_drink_and_be_merry_uskayaw
D:3:      layout_rooms, chequers_ecumenical_altar_island, moated_statue,
          bloody_makhleb, uniq_natasha, uniq_sigmund

Skill      XL: |  1  2  3  4 |
---------------+-------------+-----
Conjurations   | 2 3 |  3.7
Fighting       | 1 |  1.5
Air Magic      | 5 |  5.4
Spellcasting   | 3 |  3.2
Dodging        | |  2.1
Stealth        | |  2.0

Action                   |  1- 3 |  4- 6 || total
-------------------------+-------+-------++-------
Melee: Unarmed           |     9 |       ||     9
       Kick              |     4 |       ||     4
       Peck              |     3 |       ||     3
       Dagger            |     8 |     2 ||    10
 Cast: Shock             |    72 |    84 ||   156
  Use: Scroll            |       |     3 ||     3
 Stab: Sleeping          |     1 |       ||     1
  Eat: Chunk             |     4 |     5 ||     9
Armor: Robe              |     7 |     2 ||     9
Dodge: Dodged            |    27 |    11 ||    38
       Deflected         |       |     1 ||     1

Table legend:
 A = Non-vault XP
 B = Vault XP
 C = Vault XP percentage of total XP
 D = Non-vault monster count
 E = Vault monster count
 F = Vault count percentage of total count
                 A         B        C        D         E       F
            +---------+---------+-------+---------+---------+-------
      Total |     187 |      54 |  22.4 |      55 |       8 |  12.7
            +---------+---------+-------+---------+---------+-------
        D:1 |      37 |      17 |  31.5 |      21 |       7 |  25.0
        D:2 |     103 |       0 |   0.0 |      26 |       0 |   0.0
        D:3 |      47 |      37 |  44.0 |       8 |       1 |  11.1
            +---------+---------+-------+---------+---------+-------
